[Event "Netanya Open 2019"]
[Site "Netanya"]
[Date "2019.06.28"]
[Round "6.32"]
[White "Levin, Guy"]
[Black "Axelrod, Arie"]
[Result "0-1"]
[WhiteElo "2052"]
[BlackElo "2224"]
[PlyCount "138"]
[EventDate "2019.06.23"]
[EventType "swiss"]
[EventRounds "9"]
[EventCountry "ISR"]
[TimeControl "40/5400+30:1800+30"]

1. c4 Nc6 2. Nc3 e5 3. Nf3 Bb4 4. Nd5 e4 5. Nxb4 Nxb4 6. Nd4 Nf6 7. Nc2 Nc6 8. g3 d5 9. cxd5 Qxd5 10. Bg2 Qh5 11. h3 O-O 12. d4 exd3 13. exd3 Qxd1+ 14. Kxd1 Bf5 15. Bg5 Bxd3 16. Bxf6 gxf6 17. Bxc6 bxc6 18. Kd2 Rad8 19. Kc3 c5 20. Ne3 Rd4 21. Rhd1 Rfd8 22. Rd2 Bb1 23. Re2 Be4 24. Rae1 f5 25. b3 f6 26. Nc4 Kf7 27. f3 Rd3+ 28. Kb2 Rxf3 29. g4 Rd7 30. Nd2 Rxh3 31. Nxe4 fxe4 32. Rxe4 Rh2+ 33. Ka3 Rg2 34. Rh1 Kg6 35. Rc4 Rd5 36. Re1 a6 37. Rec1 Rdd2 38. Ra1 Rc2 39. Ra4 c4 40. bxc4 Rxg4 41. Kb3 Rf2 42. Rxa6 h5 43. Ra8 c5 44. Ka4 Rb2 45. Ka5 Rxc4 46. a4 Rbb4 47. Rg8+ Kh7 48. Rg2 Rg4 49. Rc2 Rg5 50. Ka6 h4 51. a5 h3 52. Rh1 Rb3 53. Ka7 Kg6 54. a6 Kh5 55. Rhc1 Rb5 56. Rf1 Rg2 57. Rc3 h2 58. Rh3+ Kg6 59. Rh1 Rbb2 60. Ka8 c4 61. a7 Kg7 62. Rh7+ Kg6 63. R1xh2 Rxh2 64. Rh6+ Kf5 65. Rxf6+ Ke5 66. Re6+ Kd5 67. Rd6+ Kc5 68. Rc6+ Kb5 69. Rb6+ Kxb6 0-1

[Event "Netanya Open 2019"]
[Site "Netanya"]
[Date "2019.06.28"]
[Round "6.33"]
[White "Parligras, Cosmin"]
[Black "Parnes, Nadav"]
[Result "1-0"]
[WhiteElo "2198"]
[BlackElo "2072"]
[PlyCount "111"]
[EventDate "2019.06.23"]
[EventType "swiss"]
[EventRounds "9"]
[EventCountry "ISR"]
[TimeControl "40/5400+30:1800+30"]

1. Nf3 Nf6 2. d4 g6 3. g3 Bg7 4. Bg2 O-O 5. O-O d6 6. b3 e5 7. dxe5 Ng4 8. Bb2 Nc6 9. Qc1 Ncxe5 10. c4 f5 11. Nxe5 Bxe5 12. e3 c6 13. Nc3 Qe7 14. Qd2 g5 15. f3 Nh6 16. f4 Bf6 17. Rfe1 Qg7 18. Rad1 Rd8 19. Rf1 Nf7 20. Ba1 g4 21. Rfe1 Be6 22. Qc2 d5 23. cxd5 cxd5 24. Nb5 Bxa1 25. Rxa1 Nd6 26. Nd4 Qd7 27. Rac1 Rac8 28. Qd3 Bf7 29. Red1 Rxc1 30. Rxc1 Rc8 31. Rd1 Rc5 32. Ne2 Qc6 33. Rd2 a5 34. Kf2 Kg7 35. Qd4+ Kg6 36. Qe5 Qd7 37. e4 b5 38. Nc3 Qc7 39. exf5+ Nxf5 40. Qxc7 Rxc7 41. Nxd5 Rd7 42. Ke2 Kg7 43. Be4 Nd6 44. Ne3 Re7 45. Rxd6 Rxe4 46. Kd3 Re6 47. Rxe6 Bxe6 48. f5 Bd7 49. Ke4 h5 50. Ke5 Kf7 51. a3 b4 52. axb4 axb4 53. Nd5 Bb5 54. Nxb4 Ke7 55. Nd5+ Kf7 56. Nf4 1-0

[Event "Netanya Open 2019"]
[Site "Netanya"]
[Date "2019.06.28"]
[Round "6.34"]
[White "Karp, Michael"]
[Black "Cohen, Elad"]
[Result "1-0"]
[WhiteElo "2199"]
[BlackElo "1999"]
[PlyCount "61"]
[EventDate "2019.06.23"]
[EventType "swiss"]
[EventRounds "9"]
[EventCountry "ISR"]
[TimeControl "40/5400+30:1800+30"]

1. Nf3 Nf6 2. c4 e6 3. g3 d5 4. Bg2 Be7 5. O-O O-O 6. d4 c5 7. cxd5 Nxd5 8. e4 Nf6 9. Nc3 b6 10. d5 exd5 11. e5 Ne8 12. Qxd5 Nc7 13. Qxd8 Rxd8 14. Ng5 f6 15. exf6 gxf6 16. Bf4 Nba6 17. Rfe1 fxg5 18. Bxc7 Nxc7 19. Rxe7 Rd7 20. Rxd7 Bxd7 21. Bxa8 Nxa8 22. Ne4 Bc6 23. Nxg5 Nc7 24. Re1 h6 25. Ne6 Nd5 26. a3 Bd7 27. Re5 Nf6 28. Nf4 Kf7 29. Nd5 Be6 30. Nxf6 Kxf6 31. f4 1-0

[Event "Netanya Open 2019"]
[Site "Netanya"]
[Date "2019.06.28"]
[Round "6.35"]
[White "Gov, Guy"]
[Black "Streltsov, Alexey"]
[Result "0-1"]
[WhiteElo "2006"]
[BlackElo "2170"]
[PlyCount "106"]
[EventDate "2019.06.23"]
[EventType "swiss"]
[EventRounds "9"]
[EventCountry "ISR"]
[TimeControl "40/5400+30:1800+30"]

1. d4 Nf6 2. Nc3 d5 3. Bf4 Bf5 4. f3 e6 5. g4 Bg6 6. h4 h5 7. g5 Nfd7 8. e3 Bd6 9. Nh3 a6 10. Bd3 Bxd3 11. Qxd3 Nf8 12. Bxd6 Qxd6 13. Nf4 Nc6 14. g6 Nxg6 15. Nxg6 Qg3+ 16. Kd2 Qxg6 17. Qxg6 fxg6 18. Rag1 Ne7 19. Ne2 O-O 20. Nf4 Rf6 21. Rg5 Raf8 22. Rhg1 Rxf4 23. exf4 Rxf4 24. Re5 Kf7 25. Rge1 Rxd4+ 26. Kc1 Rxh4 27. Rxe6 Nf5 28. R6e5 c6 29. Kd2 Rf4 30. Ke2 g5 31. c3 h4 32. Rg1 h3 33. Kf2 h2 34. Rh1 g4 35. Kg2 g3 36. Rhe1 g5 37. Rh1 Kf6 38. Re8 g4 39. Rf8+ Ke7 40. Rxf5 gxf3+ 41. Kxg3 Rxf5 42. Rxh2 f2 43. Rxf2 Rxf2 44. Kxf2 c5 45. a4 Kd6 46. Kf3 Ke5 47. Ke3 d4+ 48. Kd3 Kd5 49. b3 a5 50. cxd4 cxd4 51. Kd2 Ke4 52. Ke2 d3+ 53. Kd2 Kd4 0-1

[Event "Netanya Open 2019"]
[Site "Netanya"]
[Date "2019.06.28"]
[Round "6.36"]
[White "Gleizer, Mark"]
[Black "Neiman, Maks"]
[Result "1/2-1/2"]
[WhiteElo "2180"]
[BlackElo "1954"]
[PlyCount "62"]
[EventDate "2019.06.23"]
[EventType "swiss"]
[EventRounds "9"]
[EventCountry "ISR"]
[TimeControl "40/5400+30:1800+30"]

1. d4 Nf6 2. Nf3 g6 3. Nbd2 d5 4. e3 Bg7 5. b4 O-O 6. a4 Nbd7 7. Bd3 c6 8. Ba3 Qc7 9. Rb1 Re8 10. O-O e5 11. dxe5 Ng4 12. h3 Ngxe5 13. Nd4 a5 14. b5 c5 15. b6 Nxb6 16. Bb5 Bd7 17. Bxd7 Nexd7 18. Nb5 Qc6 19. c3 Ne5 20. Qc2 Nec4 21. Nxc4 Nxc4 22. Rfd1 b6 23. Rb3 Rad8 24. Bc1 f5 25. Rb1 Re4 26. Ra1 Rd7 27. Ra2 Qe6 28. Qd3 Ne5 29. Qb1 Nc4 30. Qd3 Ne5 31. Qb1 Nc4 1/2-1/2

[Event "Netanya Open 2019"]
[Site "Netanya"]
[Date "2019.06.28"]
[Round "6.37"]
[White "Kochavi, Ori"]
[Black "Pravdivetz, Vladimir"]
[Result "1-0"]
[ECO "C09"]
[WhiteElo "2151"]
[BlackElo "1927"]
[PlyCount "87"]
[EventDate "2019.06.23"]
[EventType "swiss"]
[EventRounds "9"]
[EventCountry "ISR"]
[TimeControl "40/5400+30:1800+30"]

1. e4 e6 2. d4 d5 3. Nd2 c5 4. Ngf3 Nc6 5. exd5 exd5 6. Bb5 a6 7. Bxc6+ bxc6 8. O-O Bd6 9. c4 Ne7 10. cxd5 cxd5 11. dxc5 Bxc5 12. Nb3 Bd6 13. h3 O-O 14. Nbd4 Nf5 15. b3 Nxd4 16. Qxd4 Be7 17. Bb2 Bf6 18. Qd2 Bf5 19. Bxf6 Qxf6 20. Qxd5 Rfd8 21. Qe5 Qxe5 22. Nxe5 Rd2 23. Nc4 Re2 24. Rfe1 Rae8 25. Ne3 Bd3 26. Rxe2 Bxe2 27. Rc1 g6 28. Rc2 Bb5 29. Rc7 Kf8 30. Kh2 Re7 31. Rc8+ Re8 32. Rxe8+ Kxe8 33. Kg3 Ke7 34. Kf4 Kd6 35. Ke4 Kc5 36. a3 f5+ 37. Ke5 Bd3 38. g3 Bb1 39. Nd5 Ba2 40. b4+ Kc6 41. b5+ Kc5 42. Nb4 Kxb5 43. Nxa2 Ka4 44. Nb4 1-0

[Event "Netanya Open 2019"]
[Site "Netanya"]
[Date "2019.06.28"]
[Round "6.38"]
[White "Tsyn, Igor"]
[Black "Guz, Ari"]
[Result "0-1"]
[WhiteElo "2002"]
[BlackElo "2135"]
[PlyCount "92"]
[EventDate "2019.06.23"]
[EventType "swiss"]
[EventRounds "9"]
[EventCountry "ISR"]
[TimeControl "40/5400+30:1800+30"]

1. e4 c5 2. Nf3 e6 3. d4 cxd4 4. Nxd4 a6 5. Bd3 Bc5 6. Nb3 Be7 7. O-O Nc6 8. Nc3 Nf6 9. f4 d6 10. Qf3 O-O 11. Be3 Qc7 12. Nd4 Bd7 13. Nce2 e5 14. Nxc6 bxc6 15. fxe5 dxe5 16. h3 Be6 17. b3 a5 18. a4 Rad8 19. Rfd1 Nd7 20. Ng3 Bc5 21. Nf1 Qa7 22. Rd2 Bd4 23. Rad1 Qb8 24. Be2 c5 25. Bb5 Nb6 26. Bxd4 cxd4 27. c4 f5 28. exf5 Bxf5 29. Qg3 Bd7 30. Re2 Bxb5 31. axb5 Nd7 32. Nd2 Rde8 33. Nf3 Qd6 34. Kh1 Qc5 35. Nd2 Rf7 36. Ne4 Qf8 37. Ree1 Rf4 38. Qd3 Nc5 39. Nxc5 Qxc5 40. Qd2 Ref8 41. Qxa5 e4 42. Qa6 e3 43. Qe6+ Kh8 44. b6 h6 45. b7 Qc7 46. Qd5 e2 0-1

[Event "Netanya Open 2019"]
[Site "Netanya"]
[Date "2019.06.28"]
[Round "6.39"]
[White "Hasidovsky, Michael"]
[Black "Volkov, Yuri"]
[Result "1-0"]
[ECO "A41"]
[WhiteElo "2135"]
[BlackElo "1886"]
[PlyCount "89"]
[EventDate "2019.06.23"]
[EventType "swiss"]
[EventRounds "9"]
[EventCountry "ISR"]
[TimeControl "40/5400+30:1800+30"]

1. Nf3 d6 2. d4 Bg4 3. e4 Nf6 4. Bd3 Nbd7 5. h3 Bxf3 6. Qxf3 e5 7. c3 c6 8. Nd2 Qc7 9. O-O g6 10. Nb3 Bg7 11. Be3 O-O 12. Rad1 Rfe8 13. Rfe1 d5 14. Bg5 dxe4 15. Bxe4 Nxe4 16. Qxe4 h6 17. Bc1 f5 18. Qd3 e4 19. Qc4+ Kh7 20. Nc5 b5 21. Qf7 Rad8 22. Ne6 Rxe6 23. Qxe6 Nb6 24. Qb3 Re8 25. Qc2 Qf7 26. b3 Rd8 27. f3 exf3 28. gxf3 Qf6 29. Qf2 Nd5 30. Bd2 Nb6 31. Re2 b4 32. c4 Rxd4 33. Rde1 Rd3 34. Bxb4 Qg5+ 35. Qg2 Qf4 36. Bd2 Qd4+ 37. Kh1 f4 38. Bc1 Rd1 39. Qg1 Rxe1 40. Qxe1 Qd3 41. Kg2 Qf5 42. Re4 Nd7 43. Rxf4 Qd3 44. Rf7 Nf6 45. Qd2 1-0

[Event "Netanya Open 2019"]
[Site "Netanya"]
[Date "2019.06.28"]
[Round "6.40"]
[White "Kinberg, Ofer"]
[Black "Zalkind, Konstantin"]
[Result "0-1"]
[WhiteElo "1962"]
[BlackElo "2116"]
[PlyCount "130"]
[EventDate "2019.06.23"]
[EventType "swiss"]
[EventRounds "9"]
[EventCountry "ISR"]
[TimeControl "40/5400+30:1800+30"]

1. e4 c5 2. Nf3 Nc6 3. Be2 Nf6 4. Nc3 g6 5. O-O Bg7 6. d4 cxd4 7. Nxd4 O-O 8. Be3 d6 9. h3 Bd7 10. Kh1 Rc8 11. f4 a6 12. Bf3 b5 13. a4 b4 14. Nd5 Nxd5 15. exd5 Nxd4 16. Bxd4 Bxd4 17. Qxd4 Rxc2 18. Qxb4 Qc7 19. b3 Rb8 20. Qa3 Qc3 21. Rac1 Rxb3 22. Rxc2 Rxa3 23. Rxc3 Rxc3 24. Be2 a5 25. Rb1 Bxa4 26. Ra1 Bb3 27. Rxa5 Rc5 28. Ra7 Kf8 29. Bf3 Bxd5 30. Bxd5 Rxd5 31. Kg1 Rd4 32. g3 Rd2 33. Kf1 e6 34. Ke1 Rg2 35. Ra3 Kg7 36. Rd3 d5 37. Kf1 Ra2 38. g4 Kf6 39. Re3 h5 40. Rf3 hxg4 41. hxg4 Ke7 42. g5 Ra4 43. Kf2 e5 44. fxe5 Re4 45. Kg3 Rxe5 46. Kg4 Re4+ 47. Kg3 d4 48. Kf2 Re5 49. Rd3 Rxg5 50. Rxd4 Ke6 51. Ra4 Rb5 52. Kf3 Kf6 53. Rc4 g5 54. Kg4 Kg6 55. Rc3 f5+ 56. Kg3 Kh5 57. Ra3 f4+ 58. Kf3 Re5 59. Kf2 Kg4 60. Ra2 Re4 61. Ra1 f3 62. Ra3 Re2+ 63. Kf1 Rb2 64. Rc3 Kg3 65. Rc1 Rh2 0-1

[Event "Netanya Open 2019"]
[Site "Netanya"]
[Date "2019.06.28"]
[Round "6.41"]
[White "Ehrlich, Roy"]
[Black "Itzhaky, Shmuel"]
[Result "1/2-1/2"]
[WhiteElo "1938"]
[BlackElo "2134"]
[PlyCount "30"]
[EventDate "2019.06.23"]
[EventType "swiss"]
[EventRounds "9"]
[EventCountry "ISR"]
[TimeControl "40/5400+30:1800+30"]

1. e4 e6 2. d4 d5 3. Nc3 dxe4 4. Nxe4 Nd7 5. g3 Ngf6 6. Bg2 Nxe4 7. Bxe4 Nf6 8. Bg2 e5 9. Nf3 exd4 10. Qxd4 Be7 11. Bd2 O-O 12. O-O Bg4 13. Be3 c6 14. Rfe1 Qxd4 15. Nxd4 Nd5 1/2-1/2

[Event "Netanya Open 2019"]
[Site "Netanya"]
[Date "2019.06.28"]
[Round "6.42"]
[White "Katkov, Michelle"]
[Black "Tsirilman, Guy"]
[Result "0-1"]
[WhiteElo "2065"]
[BlackElo "1798"]
[PlyCount "110"]
[EventDate "2019.06.23"]
[EventType "swiss"]
[EventRounds "9"]
[EventCountry "ISR"]
[TimeControl "40/5400+30:1800+30"]

1. e4 c5 2. c3 d5 3. exd5 Qxd5 4. d4 Nc6 5. Nf3 Bf5 6. Be3 cxd4 7. cxd4 Bxb1 8. Qxb1 e6 9. a3 Nf6 10. Bd3 Be7 11. O-O O-O 12. Re1 Rfd8 13. Qd1 Rac8 14. Bc2 Qd7 15. Qe2 Nd5 16. Bd2 Bf6 17. Qe4 g6 18. Rad1 Qc7 19. Bb1 Qb6 20. Bg5 Qc7 21. Ba2 Bxg5 22. Nxg5 Qf4 23. Qxf4 Nxf4 24. g3 Nd5 25. Nf3 Kg7 26. Rc1 a6 27. Red1 h6 28. Kg2 g5 29. Rc5 Nf6 30. Rdc1 Ne4 31. R5c2 Rd6 32. Rd1 Rcd8 33. Re2 Nf6 34. Red2 g4 35. Ng1 Rxd4 36. Rxd4 Rxd4 37. Rxd4 Nxd4 38. Kf1 Nd5 39. Ke1 Kf6 40. Kd2 Ke5 41. h3 h5 42. hxg4 hxg4 43. Bc4 b5 44. Bd3 f5 45. Ne2 Nxe2 46. Bxe2 Kd4 47. a4 Nc7 48. axb5 axb5 49. Bd3 b4 50. Bc2 Nd5 51. Ba4 Nf6 52. Bb3 Ne4+ 53. Ke2 Nc5 54. Bd1 Nd3 55. b3 Nb2 0-1

[Event "Netanya Open 2019"]
[Site "Netanya"]
[Date "2019.06.28"]
[Round "6.43"]
[White "Slobodiansky, Steven"]
[Black "Kushnir, Arie"]
[Result "1-0"]
[WhiteElo "2088"]
[BlackElo "1662"]
[PlyCount "87"]
[EventDate "2019.06.23"]
[EventType "swiss"]
[EventRounds "9"]
[EventCountry "ISR"]
[TimeControl "40/5400+30:1800+30"]

1. e4 e5 2. Nf3 Nf6 3. Nxe5 d6 4. Nf3 Nxe4 5. Nc3 Nxc3 6. dxc3 Be7 7. Be3 Nc6 8. Qd2 Be6 9. O-O-O Na5 10. Qd4 O-O 11. Qa4 b6 12. Bd3 d5 13. Qf4 c5 14. Ng5 Bxg5 15. Qxg5 Qxg5 16. Bxg5 f6 17. Bf4 Nc6 18. Rhe1 Bf7 19. Bb5 Rac8 20. Bd6 Rfd8 21. Ba6 Ra8 22. Bb7 Rab8 23. Bxb8 Nxb8 24. Re7 Kf8 25. Rc7 Be6 26. Bxd5 Rxd5 27. Rxd5 Bxd5 28. Rc8+ Ke7 29. Rxb8 Bxg2 30. Rc8 Kd6 31. Rg8 g5 32. Rg7 Be4 33. Rxa7 h5 34. Kd2 Ke5 35. Ke3 Bxc2 36. Rb7 Bb1 37. a3 f5 38. Rxb6 f4+ 39. Ke2 c4 40. Rb5+ Kf6 41. a4 Be4 42. a5 h4 43. f3 g4 44. fxe4 1-0

[Event "Netanya Open 2019"]
[Site "Netanya"]
[Date "2019.06.28"]
[Round "6.44"]
[White "Tal-Shahar, Liam"]
[Black "Mizrahi, Ido"]
[Result "1/2-1/2"]
[WhiteElo "1623"]
[BlackElo "2101"]
[PlyCount "124"]
[EventDate "2019.06.23"]
[EventType "swiss"]
[EventRounds "9"]
[EventCountry "ISR"]
[TimeControl "40/5400+30:1800+30"]

1. e4 c6 2. d4 d5 3. exd5 cxd5 4. c4 Nf6 5. Nc3 Nc6 6. Bg5 Be6 7. c5 Ne4 8. Be3 g6 9. Bb5 Bg7 10. Nge2 O-O 11. O-O f5 12. Nf4 Bf7 13. Qa4 g5 14. Nfxd5 f4 15. Nxe4 Bxd5 16. Nc3 fxe3 17. Nxd5 exf2+ 18. Kh1 Nxd4 19. Rad1 e5 20. Nc3 Qe7 21. c6 bxc6 22. Bxc6 Nxc6 23. Qxc6 Rad8 24. Nd5 Qf7 25. Qc5 g4 26. Qc4 Kh8 27. Qe4 Qh5 28. g3 Qg5 29. Ne3 Rxd1 30. Nxd1 Qd2 31. Kg2 h5 32. Rxf2 Qxd1 33. Rxf8+ Bxf8 34. Qxe5+ Kg8 35. Qe6+ Kg7 36. Qe5+ Kf7 37. Qxh5+ Ke7 38. Qc5+ Qd6 39. Qxa7+ Kf6 40. Qf2+ Kg7 41. h3 Qd5+ 42. Kh2 Qxa2 43. Qd4+ Kh7 44. hxg4 Bg7 45. Qe4+ Kh8 46. Qe8+ Kh7 47. g5 Qxb2+ 48. Kh3 Qb1 49. Qh5+ Kg8 50. Qf3 Qh7+ 51. Kg4 Qg6 52. Qd5+ Kh7 53. Qf5 Qxf5+ 54. Kxf5 Kg8 55. g4 Bc3 56. g6 Bd4 57. g5 Kg7 58. Ke4 Ba1 59. Kf5 Bb2 60. Kg4 Kxg6 61. Kh4 Bc1 62. Kg4 Bxg5 1/2-1/2

[Event "Netanya Open 2019"]
[Site "Netanya"]
[Date "2019.06.28"]
[Round "6.45"]
[White "Yusupoff, Yoav"]
[Black "Nissim, Jonathan"]
[Result "1/2-1/2"]
[WhiteElo "1874"]
[BlackElo "2082"]
[PlyCount "112"]
[EventDate "2019.06.23"]
[EventType "swiss"]
[EventRounds "9"]
[EventCountry "ISR"]
[TimeControl "40/5400+30:1800+30"]

1. c4 g6 2. Nc3 c5 3. g3 Nc6 4. Bg2 Bg7 5. e3 e5 6. Nge2 Nge7 7. d4 exd4 8. exd4 cxd4 9. Nd5 O-O 10. O-O d6 11. Bg5 f6 12. Nxe7+ Qxe7 13. Bf4 g5 14. Bc1 f5 15. Re1 Qf6 16. Qb3 Kh8 17. h4 h6 18. hxg5 hxg5 19. Bxg5 Qxg5 20. Nf4 Be5 21. Nd5 f4 22. gxf4 Bxf4 23. Re4 Be5 24. f4 Bxf4 25. Rf1 Na5 26. Qd3 Bf5 27. Rfxf4 Bxe4 28. Rxe4 Rf7 29. Qxd4+ Rg7 30. Ne3 Rf8 31. Qxd6 Rd8 32. Qh2+ Kg8 33. Qh3 Nc6 34. Nd5 Ne5 35. Qe6+ Kh8 36. Qh3+ Rh7 37. Qc3 Rg7 38. Qh3+ Kg8 39. Qe6+ Kf8 40. Rf4+ Nf7 41. Rg4 Qe5 42. Qxe5 Nxe5 43. Re4 Re8 44. Rf4+ Rf7 45. b3 Nd3 46. Re4 Nc1 47. Nc3 Rxe4 48. Bxe4 b6 49. b4 Re7 50. Bd5 Re3 51. Nb5 Nxa2 52. Nxa7 Nxb4 53. Bg2 Nd3 54. Bf1 Ke8 55. Nc8 Ne5 56. Nxb6 Nxc4 1/2-1/2

[Event "Netanya Open 2019"]
[Site "Netanya"]
[Date "2019.06.28"]
[Round "6.46"]
[White "Regenbogen, Yoseph"]
[Black "Ben Ari, Yannay"]
[Result "1/2-1/2"]
[WhiteElo "1806"]
[BlackElo "2049"]
[PlyCount "129"]
[EventDate "2019.06.23"]
[EventType "swiss"]
[EventRounds "9"]
[EventCountry "ISR"]
[TimeControl "40/5400+30:1800+30"]

1. c4 e6 2. d4 Nf6 3. Nc3 Bb4 4. a3 Bxc3+ 5. bxc3 O-O 6. Bg5 h6 7. Bh4 d6 8. e3 Nbd7 9. Bd3 e5 10. Ne2 b6 11. Be4 Rb8 12. Bc6 g5 13. Bg3 Qe7 14. O-O Bb7 15. Bxb7 Rxb7 16. Qc2 Re8 17. h4 e4 18. a4 Ng4 19. hxg5 hxg5 20. Rfe1 Kg7 21. Kf1 f5 22. Ng1 Ndf6 23. Nh3 Nh5 24. Qe2 Kg6 25. Rab1 Rbb8 26. Rb5 c6 27. Rb2 Rbd8 28. Reb1 Rd7 29. Ke1 d5 30. Rb4 Nxg3 31. fxg3 Qd6 32. Kd2 c5 33. Rb5 dxc4 34. a5 bxa5 35. Rxa5 cxd4 36. cxd4 Re5 37. Ra4 Rd5 38. Rxc4 Ne5 39. Ra4 Nd3 40. Nf2 Qc6 41. Rba1 Rb5 42. Nxd3 exd3 43. Ra6 Rb6 44. Qxd3 Qxg2+ 45. Qe2 Qxe2+ 46. Kxe2 Kh5 47. Rxb6 axb6 48. Kf3 Kg6 49. Rb1 Rd6 50. Rb4 Re6 51. d5 Rd6 52. Rb5 Kf6 53. e4 Ke5 54. exf5 Kxf5 55. Ke3 Ke5 56. Kf3 Kd4 57. Kg4 Kc4 58. Rb1 b5 59. Kxg5 Rxd5+ 60. Kh4 b4 61. g4 b3 62. g5 Rd2 63. Kh5 b2 64. Kh6 Rh2+ 65. Kg7 1/2-1/2

[Event "Netanya Open 2019"]
[Site "Netanya"]
[Date "2019.06.28"]
[Round "6.47"]
[White "Cohen Revivo, Alon"]
[Black "Shetah, Roi"]
[Result "0-1"]
[WhiteElo "2030"]
[BlackElo "1836"]
[PlyCount "78"]
[EventDate "2019.06.23"]
[EventType "swiss"]
[EventRounds "9"]
[EventCountry "ISR"]
[TimeControl "40/5400+30:1800+30"]

1. d4 Nf6 2. c4 e6 3. Nc3 d5 4. cxd5 exd5 5. Bg5 Be7 6. e3 c6 7. Bd3 Bg4 8. Qc2 Bh5 9. Nf3 Bg6 10. Bxg6 hxg6 11. Ne5 Nbd7 12. O-O-O Nxe5 13. dxe5 Nd7 14. Bf4 Nc5 15. Bg3 Qc8 16. Rhe1 Ne6 17. Kb1 b5 18. Ne2 O-O 19. h4 Rd8 20. Rh1 b4 21. h5 g5 22. f4 Nc5 23. f5 Ne4 24. f6 gxf6 25. exf6 Bxf6 26. Rdf1 Bh8 27. h6 c5 28. h7+ Kf8 29. Rf3 a5 30. Be1 a4 31. Ng3 b3 32. Qd1 bxa2+ 33. Ka1 a3 34. Rxf7+ Kxf7 35. Qf3+ Ke7 36. Bc3 axb2+ 37. Bxb2 Bxb2+ 38. Kxb2 Qb8+ 39. Ka1 Qe5# 0-1

[Event "Netanya Open 2019"]
[Site "Netanya"]
[Date "2019.06.28"]
[Round "6.48"]
[White "Lifshits, Raz"]
[Black "Tartakovsky, Daniel"]
[Result "1/2-1/2"]
[WhiteElo "1749"]
[BlackElo "2021"]
[PlyCount "111"]
[EventDate "2019.06.23"]
[EventType "swiss"]
[EventRounds "9"]
[EventCountry "ISR"]
[TimeControl "40/5400+30:1800+30"]

1. e4 c5 2. Nf3 d6 3. c3 Nf6 4. Be2 Nbd7 5. d3 g6 6. O-O Bg7 7. a4 b6 8. h3 O-O 9. Be3 a6 10. c4 Bb7 11. Nh2 Ne8 12. Qd2 e6 13. f4 d5 14. Bf3 Qe7 15. g4 Nc7 16. g5 b5 17. e5 bxc4 18. dxc4 h5 19. Qe2 Rab8 20. b3 d4 21. Bc1 Bxf3 22. Rxf3 Rb7 23. h4 Nb8 24. Nd2 Nc6 25. Ba3 Rfb8 26. Qd1 Na5 27. Nhf1 Bf8 28. Ng3 Ne8 29. Nge4 Qc7 30. Rd3 Ng7 31. Nf6+ Kh8 32. Qf3 Nf5 33. Qh3 Ne3 34. Rb1 Naxc4 35. Bc1 Nxd2 36. Bxd2 Nf5 37. Rc1 Qc6 38. Rc4 Be7 39. Bc1 Rb4 40. Rc2 Qb7 41. Ba3 Ne3 42. Rxe3 dxe3 43. Bxb4 Qxb4 44. Qxe3 Qxb3 45. Qxb3 Rxb3 46. Kg2 Rb4 47. Kf3 Rxa4 48. Rd2 Rd4 49. Ra2 Rd8 50. Rxa6 Kg7 51. Rc6 Rd3+ 52. Kg2 Rd8 53. Rc7 Bf8 54. Nd7 Ra8 55. Nxc5 Bxc5 56. Rxc5 1/2-1/2

[Event "Netanya Open 2019"]
[Site "Netanya"]
[Date "2019.06.28"]
[Round "6.49"]
[White "Zilbershtein, Victor"]
[Black "Kharlamov, Igor"]
[Result "1-0"]
[WhiteElo "1756"]
[BlackElo "2019"]
[PlyCount "83"]
[EventDate "2019.06.23"]
[EventType "swiss"]
[EventRounds "9"]
[EventCountry "ISR"]
[TimeControl "40/5400+30:1800+30"]

1. d4 Nf6 2. Nf3 b6 3. c4 e6 4. Nc3 Bb4 5. Qc2 Bb7 6. Bd2 O-O 7. e3 d6 8. Bd3 Nbd7 9. a3 Bxc3 10. Bxc3 Qe7 11. e4 e5 12. d5 Nc5 13. b4 Nxd3+ 14. Qxd3 Nh5 15. Bd2 h6 16. O-O f5 17. exf5 c6 18. Rfe1 cxd5 19. cxd5 Qf7 20. Nh4 Qxd5 21. Qxd5+ Bxd5 22. b5 Rfd8 23. Ng6 Kf7 24. Bb4 Nf6 25. Rac1 Rd7 26. f3 Rad8 27. Rc3 Ba8 28. Rec1 Ne8 29. Rd1 Kf6 30. g4 h5 31. h4 Bb7 32. Nf8 Re7 33. Ne6 Rxe6 34. fxe6 hxg4 35. fxg4 Kxe6 36. Rf1 d5 37. Rcf3 Rd7 38. Rf8 Rd8 39. R1f7 Rd7 40. Rxd7 Kxd7 41. Rf7+ Kc8 42. h5 1-0

[Event "Netanya Open 2019"]
[Site "Netanya"]
[Date "2019.06.28"]
[Round "6.50"]
[White "Neeman, Gal"]
[Black "Iliaguev, Daniel"]
[Result "0-1"]
[WhiteElo "1661"]
[BlackElo "2007"]
[PlyCount "70"]
[EventDate "2019.06.23"]
[EventType "swiss"]
[EventRounds "9"]
[EventCountry "ISR"]
[TimeControl "40/5400+30:1800+30"]

1. d4 Nf6 2. Nf3 g6 3. Bf4 Bg7 4. e3 O-O 5. h3 c5 6. c3 b6 7. Be2 Bb7 8. Nbd2 d6 9. O-O Nbd7 10. a4 a6 11. Qb3 Bc6 12. c4 e5 13. Bh2 exd4 14. exd4 Re8 15. Rfe1 cxd4 16. Nxd4 Nc5 17. Qc2 Bb7 18. b4 Nfe4 19. N2f3 Ne6 20. Nxe6 Rxe6 21. Rab1 Nc3 22. Rbc1 Qe8 23. Kf1 Qd7 24. Ng5 Rxe2 25. Rxe2 Nxe2 26. Qxe2 Re8 27. Qd2 h6 28. Nf3 Bxf3 29. gxf3 Qxh3+ 30. Kg1 Qxf3 31. Qxd6 Re6 32. Qd8+ Kh7 33. a5 bxa5 34. Qxa5 Bd4 35. Rf1 Bxf2+ 0-1

[Event "Netanya Open 2019"]
[Site "Netanya"]
[Date "2019.06.28"]
[Round "6.51"]
[White "Sobel, Alon"]
[Black "Uritsky, Yonathan"]
[Result "1/2-1/2"]
[ECO "D87"]
[WhiteElo "1704"]
[BlackElo "1981"]
[PlyCount "128"]
[EventDate "2019.06.23"]
[EventType "swiss"]
[EventRounds "9"]
[EventCountry "ISR"]
[TimeControl "40/5400+30:1800+30"]

1. d4 Nf6 2. c4 g6 3. Nc3 d5 4. cxd5 Nxd5 5. e4 Nxc3 6. bxc3 Bg7 7. Bc4 c5 8. Ne2 Nc6 9. Be3 O-O 10. O-O Bd7 11. Rc1 Qc7 12. Qd2 Rfd8 13. Rfd1 Qa5 14. Qb2 b6 15. Qb3 Be8 16. f4 b5 17. Qxb5 Qxb5 18. Bxb5 Nxd4 19. Bc4 Nxe2+ 20. Bxe2 Rxd1+ 21. Rxd1 Bxc3 22. Bxc5 e5 23. Rc1 Bd2 24. Rb1 Bxf4 25. Rb7 Rc8 26. Bxa7 Bc6 27. Re7 Bxe4 28. g3 Kf8 29. Rd7 Bg5 30. a4 Bc6 31. Bc5+ Kg7 32. Ra7 Bxa4 33. Rxa4 Rxc5 34. Kf2 f5 35. Bc4 Rc7 36. Ba2 Rc2+ 37. Kf1 Rxh2 38. Ra7+ Kf8 39. Ra8+ Ke7 40. Ra7+ Kd6 41. Bg8 Be3 42. Rxh7 Rf2+ 43. Kg1 g5 44. Rh6+ Kc5 45. Re6 Bd4 46. Rxe5+ Kc6 47. Re6+ Kd7 48. Rg6 g4 49. Kh1 Be5 50. Bh7 Bxg3 51. Kg1 Rh2 52. Bg8 Re2 53. Rg5 Re5 54. Bh7 Ke6 55. Rg6+ Kd5 56. Rg5 Ke4 57. Kg2 Bf4 58. Rxg4 Ra5 59. Rg7 Ra2+ 60. Kh1 Kf3 61. Bxf5 Ra8 62. Rb7 Ra1+ 63. Rb1 Ra5 64. Rf1+ Ke3 1/2-1/2

[Event "Netanya Open 2019"]
[Site "Netanya"]
[Date "2019.06.28"]
[Round "6.52"]
[White "Feldman, Antony"]
[Black "Zaromb, Charles Irving"]
[Result "1-0"]
[WhiteElo "1972"]
[BlackElo "1738"]
[PlyCount "83"]
[EventDate "2019.06.23"]
[EventType "swiss"]
[EventRounds "9"]
[EventCountry "ISR"]
[TimeControl "40/5400+30:1800+30"]

1. e4 e6 2. g3 c5 3. Bg2 Nc6 4. Nc3 g6 5. d3 Bg7 6. Be3 d6 7. Qd2 a6 8. a4 Nge7 9. Nge2 O-O 10. Bh6 d5 11. Bxg7 Kxg7 12. exd5 exd5 13. O-O Be6 14. d4 cxd4 15. Nxd4 Qb6 16. Nce2 Nf5 17. a5 Qc5 18. Nb3 Qd6 19. Rfd1 Rfd8 20. Ra4 Rac8 21. c3 Ne5 22. Nf4 Nc4 23. Qe2 Re8 24. Rb4 Qc6 25. g4 Nh6 26. Nxe6+ Qxe6 27. Qxe6 fxe6 28. Rxb7+ Kg8 29. Nd4 Rcd8 30. h3 Rd6 31. b4 Nf7 32. Nb3 Kf8 33. Nc5 Re7 34. Rb8+ Re8 35. Rxe8+ Kxe8 36. Re1 Ke7 37. f4 Kf6 38. Bf1 h6 39. Bxc4 dxc4 40. Ne4+ Ke7 41. Nxd6 Kxd6 42. Re4 1-0